 Dungeon Crawl Stone Soup version 0.26.1-11-gd32895ea62 (webtiles) character file.

Game seed: 4321605522116981373

456 jagang the Covered (level 6, -2/52 HPs)
             Began as a Demigod Fighter on May 21, 2021.
             Slain by Pikel
             ... wielding a +1 whip of electrocution
              (13 damage)
             ... on level 4 of the Dungeon.
             The game lasted 00:13:06 (3190 turns).

jagang the Covered (Demigod Fighter)                Turns: 3190, Time: 00:13:07

Health: -2/52      AC: 17    Str: 23    XL:     6   Next: 47%
Magic:  8/8        EV:  2    Int: 12    God:
Gold:   144        SH: 10    Dex: 15    Spells: 5/5 levels left

rFire    + . .     SeeInvis .   a - +0 long sword
rCold    + . .     Faith    .   c - +0 kite shield
rNeg     . . .     Spirit   .   s - +0 gold dragon scales
rPois    +         Reflect  .   (no helmet)
rElec    .         Harm     .   (no cloak)
rCorr    .         Rampage  .   (no gloves)
Will     .....                  q - +2 pair of boots {run}
Stlth    ..........             (no amulet)
HPRegen  0.17/turn              (no ring)
MPRegen  0.11/turn              (no ring)

@: quick
A: high mp 1
a: no special abilities


You were on level 4 of the Dungeon.
You visited 1 branch of the dungeon, and saw 4 of its levels.

You collected 144 gold pieces.

Inventory:

Hand Weapons
 a - a +0 long sword (weapon)
Armour
 c - a +0 kite shield (worn)
 p - a +1 ring mail of poison resistance
 q - a +2 pair of boots of running (worn)
 s - +0 gold dragon scales (worn)
Jewellery
 b - an uncursed ring of magical power
Scrolls
 f - 3 scrolls of teleportation {unknown}
 k - 2 scrolls of enchant weapon {unknown}
 m - 2 scrolls of remove curse {unknown}
 n - 6 scrolls of identify {unknown}
 o - a scroll of magic mapping {unknown}
 t - a scroll of noise {unknown}
 u - a scroll of amnesia {unknown}
Potions
 e - 2 potions of curing {unknown}
 g - 3 potions of attraction {unknown}
 h - 2 potions of haste {unknown}
 i - a potion of lignification {unknown}
 j - 2 potions of cancellation {unknown}
 r - a potion of flight {unknown}


   Skills:
 + Level 4.1 Fighting
 + Level 3.1 Long Blades
 * Level 4.7 Armour
 - Level 1.4 Dodging
 + Level 3.6 Shields


You had 5 spell levels left.
You didn't know any spells.
Your spell library was empty.

Dungeon Overview and Level Annotations

Branches:
Dungeon (4/15)
 Temple: D:4-7

Annotations:
D:4 Pikel


Innate Abilities, Weirdness & Mutations

You have an increased reservoir of magic. (+10% MP)


Message History

You hit Pikel.
Pikel is moderately wounded.
The lemure hits you.
* * * LOW HITPOINT WARNING * * *
Pikel hits you but does no damage. You block the lemure's attack.
Pikel hits you but does no damage.
You hit Pikel.
Pikel is moderately wounded.
You block the lemure's attack. Pikel completely misses you.
You riposte.
You hit Pikel but do no damage.
Pikel is moderately wounded.
You hit Pikel but do no damage.
Pikel is moderately wounded.
The lemure hits you but does no damage. Pikel hits you but does no damage.
You block the lemure's attack.
You hit Pikel.
Pikel is heavily wounded.
Pikel completely misses you. The lemure hits you but does no damage.
Pikel hits you but does no damage.
You are electrocuted!
You die...

#.........##....###
#.........#..>.....
#........#........)
#...........######.
#..........##
#.....#...##
...##...###
#####5.....#####
#..@K55........#
##.5######......
#..# ##.!## ##.#
### #.. #.. ##. ..


You could see Pikel and 4 lemures.

Vanquished Creatures
  Edmund (D:4)
  2 orc priests (D:3)
  An orc wizard (D:3)
  A worker ant (D:2)
  8 adders
  6 gnolls (D:2)
  A worm (D:3)
  2 dart slugs
  3 leopard geckos
  11 orcs
  12 goblins
  12 hobgoblins
  4 jackals
  6 kobolds
  3 ball pythons
  6 bats
  4 frilled lizards
  6 rats
89 creatures vanquished.

Vanquished Creatures (others)
  8 plants (D:2)
8 creatures vanquished.

Grand Total: 97 creatures vanquished

Notes
Turn   | Place    | Note
-------+----------+-------------------------------------------
     0 | D:1      | jagang the Demigod Fighter began the quest for the Orb.
     0 | D:1      | Reached XP level 1. HP: 18/18 MP: 3/3
   117 | D:1      | Reached XP level 2. HP: 23/25 MP: 4/4
   591 | D:2      | Reached XP level 3. HP: 11/31 MP: 5/5
   824 | D:2      | Found an opulent altar of Gozag.
   943 | D:2      | Reached skill level 1 in Dodging
   952 | D:2      | Reached XP level 4. HP: 32/38 MP: 6/6
  1195 | D:2      | Identified a +2 pair of boots of running (You found it on
                  | level 2 of the Dungeon)
  1281 | D:2      | Found a faded altar of an unknown god.
  1659 | D:2      | Reached XP level 5. HP: 45/45 MP: 7/7
  2903 | D:3      | Reached XP level 6. HP: 52/52 MP: 8/8
  3078 | D:4      | Noticed Edmund
  3095 | D:4      | Killed Edmund
  3156 | D:4      | Noticed Pikel
  3190 | D:4      | Slain by Pikel

Illustrated notes

Levels and vault maps discovered:
D:1:      grunt_arrival_lava_bath, layout_basic, minmay_bisected
D:2:      layout_rooms, nicolae_overflow_crystal_walls,
          chequers_ecumenical_altar_lobes
D:3:      layout_basic, guppyfry_early_orc_mine
D:4:      layout_cave_pods, serial_shops, kennysheep_mini_moat,
          chei_slow_surprise, uniq_edmund, uniq_pikel, uniq_robin

Skill      XL: |  1  2  3  4  5  6 |
---------------+-------------------+-----
Armour         | 3 4 |  4.7
Long Blades    | 2 3 |  3.1
Fighting       | 3 4 |  4.1
Dodging        | 1 |  1.4
Shields        | 3 |  3.6

Action                   |  1- 3 |  4- 6 || total
-------------------------+-------+-------++-------
Melee: Long sword        |   108 |   218 ||   326
  Use: Potion            |     1 |     5 ||     6
Armor: Scale mail        |    43 |     6 ||    49
       Ring mail         |       |    10 ||    10
       Gold dragon scale |       |   145 ||   145
Dodge: Dodged            |    43 |    34 ||    77
Block: Kite shield       |    70 |   122 ||   192
       Rpst.: Long sword |    15 |    10 ||    25
